 Dungeon Crawl Stone Soup version 0.30.1-4-g462c640d31 (webtiles) character file.

Game seed: 10882418939550977876

160 radiomath the Chopper (level 5, 0/48 HPs)
             Began as a Minotaur Berserker on Sept 14, 2023.
             Was a Believer of Trog.
             Splashed by a jelly's acid (5 damage)
             ... on level 4 of the Dungeon.
             The game lasted 00:26:11 (4912 turns).

radiomath the Chopper (Minotaur Berserker)          Turns: 4912, Time: 00:26:13

Health: 0/48       AC: -4    Str: 24      XL:     5   Next: 17%
Magic:  4/4        EV: 12    Int:  4      God:    Trog [**....]
Gold:   141        SH:  0    Dex:  7 (9)  Spells: 4/4 levels left

rFire   + . .        a - +0 hand axe
rCold   x . .        (no shield)
rNeg    . . .        (no body armour)
rPois   .            (helmet restricted)
rElec   .            (no cloak)
rCorr   .            (no gloves)
SInv    .            (no boots)
Will    .....        (no amulet)
Stlth   +            h - ring of fire
HPRegen 0.28/turn    (no ring)
MPRegen 0.09/turn

%: no passive effects
@: corroded
A: horns 2, retaliatory headbutt
a: Renounce Religion, Berserk, Trog's Hand


You were on level 4 of the Dungeon.
You worshipped Trog.
Trog was pleased with you.
You visited 1 branch of the dungeon, and saw 4 of its levels.

You collected 141 gold pieces.

Inventory:

Hand Weapons
 a - a +0 hand axe (weapon)
 e - a +0 dagger of holy wrath
 n - a +0 morningstar
Missiles
 g - 38 stones (quivered)
 v - a javelin
Armour
 b - a +0 animal skin
 i - a +0 ring mail
 j - a +0 leather armour
 o - a +0 chain mail
Jewellery
 h - a ring of fire (left hand)
 l - a ring of protection from fire
 t - a ring of flight
 u - a +5 ring of evasion
Scrolls
 c - 2 scrolls of identify
 p - 2 scrolls of teleportation {unknown}
 s - a scroll of noise {unknown}
Potions
 d - 2 potions of haste {unknown}
 f - a potion of heal wounds {unknown}
 k - a potion of curing {unknown}
 m - a potion of ambrosia {unknown}
 q - a potion of flight {unknown}
 r - 2 potions of berserk rage {unknown}


   Skills:
 + Level 5.1 Fighting
 + Level 5.6 Axes
 + Level 0.2 Throwing
 + Level 2.7 Armour
 + Level 2.5 Dodging
 + Level 0.3 Stealth


You had 4 spell levels left.
You didn't know any spells.
Your spell library was empty.

Dungeon Overview and Level Annotations

Branches:
Dungeon (4/15)
 Temple: D:4-7

Altars:
Nemelex Xobeh
Qazlal
Xom

Annotations:
D:3 1 transporter, exclusion: downstairs
D:4 Eustachio


Innate Abilities, Weirdness & Mutations

You have a pair of horns on your head.
You reflexively headbutt those who attack you in melee.


Message History

You furiously retaliate!
You headbutt the jackal!
You kill the jackal!
Trog accepts your kill.
You completely miss the jackal. The jackal barely misses you.
You furiously retaliate!
You headbutt the jackal.
You kill the jackal!
Trog accepts your kill.
You see here a jackal corpse.
f - a red potion
Found an escape hatch in the ceiling.
You see here a +0 short sword.
v - a javelin You see here a ring of wizardry.
A kobold comes into view. It is wielding a +0 short sword.
The kobold shouts!
A jelly comes into view.
You closely miss the kobold.
The kobold hits you with a +0 short sword.
You closely miss the kobold.
You hear a distant slurping noise.
The door mysteriously vanishes.
The kobold barely misses you.
You hit the kobold.
You kill the kobold!
Trog accepts your kill.
You hit the jelly but do no damage.
Your hands burn!
The jelly hits you.
You are splashed with acid!
You hit the jelly.
Your hands burn!
The jelly is moderately wounded.
The jelly hits you. The acid corrodes you!
You are splashed with acid!
You slash the jelly!
Your hands burn!
The jelly is severely wounded.
The jelly hits you.
You are splashed with acid!
* * * LOW HITPOINT WARNING * * *
You hit the jelly but do no damage.
Your hands burn!
* * * LOW HITPOINT WARNING * * *
The jelly is severely wounded.
The jelly hits you.
* * * LOW HITPOINT WARNING * * *
You are splashed with acid.
You die...

..... ....
#... # # ...
.# #. .. ..
#.##.#J##
#.......#
####J#
#...@##
#.#...# #
#.#.# #.#.#
#.#.# #.#.#
##.#.# .#
#....#..#
....
####..###..#
....


You could see a jelly.

Vanquished Creatures
  3 gnolls
  4 adders
  2 dart slugs
  6 orcs
  6 ball pythons
  3 bats
  7 endoplasms
  3 giant cockroaches
  9 goblins
  8 hobgoblins
  6 jackals
  8 kobolds
  3 quokkas
  3 frilled lizards
  8 rats
79 creatures vanquished.

Notes
Turn   | Place    | Note
-------+----------+-------------------------------------------
     0 | D:1      | radiomath the Minotaur Berserker began the quest for the
                  | Orb.
     0 | D:1      | Reached XP level 1. HP: 19/19 MP: 0/0
   216 | D:1      | Reached XP level 2. HP: 21/27 MP: 1/1
   915 | D:1      | Reached XP level 3. HP: 21/34 MP: 2/2
  1130 | D:1      | Reached ** piety under Trog
  1419 | D:1      | Found a faded altar of an unknown god.
  3009 | D:3      | Reached XP level 4. HP: 41/41 MP: 3/3
  3075 | D:2      | Reached skill level 5 in Fighting
  3075 | D:2      | Reached skill level 5 in Axes
  3176 | D:3      | Found a stormy altar of Qazlal.
  3345 | D:3      | Found a sparkling altar of Nemelex Xobeh.
  3345 | D:3      | Found a transporter.
  4000 | D:3      | Found a shimmering altar of Xom.
  4159 | D:3      | Reached XP level 5. HP: 41/48 MP: 4/4
  4360 | D:4      | Noticed Eustachio
  4912 | D:4      | Splashed by a jelly's acid

Illustrated notes

Levels and vault maps discovered:
D:1:      dpeg_arrival_court, layout_basic, chequers_ecumenical_altar_lobes,
          minivault_5
D:2:      layout_basic
D:3:      layout_basic, mainiacjoe_overflow_brackets, grunt_qazlal_clouds,
          grunt_nemelex_the_gamble
D:4:      layout_basic, minmay_temple_entry_enclosed_plants, serial_shops,
          nicolae_shop_just_a_little_nook, nicolae_take_the_stairs,
          nicolae_shop_bloodbath_and_beyond, uniq_eustachio

Skill      XL: |  1  2  3  4 |
---------------+-------------+-----
Axes           | 4 5 |  5.6
Fighting       | 4 5 |  5.1
Throwing       | |  0.2
Armour         | |  2.7
Dodging        | |  2.5
Stealth        | |  0.3

Action                     |  1- 3 |  4- 6 || total
---------------------------+-------+-------++-------
  Melee: Hand axe          |   101 |    74 ||   175
         Headbutt          |    10 |     7 ||    17
         Unarmed           |       |     4 ||     4
  Throw: Javelin           |       |    12 ||    12
    Use: Scroll            |       |     1 ||     1
 Armour: Animal skin       |     8 |       ||     8
         Ring mail         |     4 |    11 ||    15
  Dodge: Dodged            |    49 |    57 ||   106
